 Dungeon Crawl Stone Soup version 0.27-a0-1442-g87b6fcb595 (webtiles) character file.

Game seed: 13784271072780164125

22 hatdisgam the Digger (level 3, 0/24 HPs)
             Began as a Formicid Earth Elementalist on July 5, 2021.
             Slain by an orc (6 damage)
             ... on level 1 of the Dungeon.
             The game lasted 00:01:41 (1019 turns).

hatdisgam the Digger (Formicid Earth Elementalist)  Turns: 1019, Time: 00:01:43

Health: 0/24       AC:  2    Str: 12    XL:     3   Next: 7%
Magic:  0/6        EV: 12    Int: 15    God:
Gold:   66         SH:  0    Dex: 11    Spells: 6/7 levels left

rFire    . . .     SeeInvis +   g - +0 dagger
rCold    . . .     Faith    .   (no shield)
rNeg     . . .     Spirit   .   b - +0 robe
rPois    .         Reflect  .   (helmet unavailable)
rElec    .         Harm     .   (no cloak)
rCorr    .         Rampage  .   (no gloves)
Will     .....                  (no boots)
Stlth    ++........             (no amulet)
HPRegen  0.08/turn              (no ring)
MPRegen  0.10/turn              (no ring)

@: no status effects
A: permanent stasis, dig shafts and tunnels, antennae 3, four strong arms
a: Dig, Shaft Self


You were on level 1 of the Dungeon.
You visited 1 branch of the dungeon, and saw 2 of its levels.

You collected 66 gold pieces.

Inventory:

Hand Weapons
 g - a +0 dagger (weapon)
Missiles
 c - 10 stones
Armour
 b - a +0 robe (worn)
 h - a +0 kite shield
Jewellery
 k - a ring of poison resistance
Scrolls
 a - a scroll of magic mapping {unknown}
 d - a scroll of torment {unknown}
 f - a scroll of teleportation {unknown}
 j - a scroll of fear {unknown}
Potions
 e - 2 potions of brilliance {unknown}
 i - a potion of heal wounds {unknown}


   Skills:
 - Level 1.7 Dodging
 - Level 2.4 Stealth
 + Level 0.8 Shields
 + Level 2.5 Spellcasting
 - Level 1.1 Transmutations
 * Level 4.4 Earth Magic


You had 6 spell levels left.
You knew the following spells:

 Your Spells              Type           Power      Damage    Failure   Level
a - Sandblast             Erth           30%        2d9       3%          1

Your spell library contained the following spells:

 Spells                   Type           Power      Damage    Failure   Level
 Passwall                 Tmut/Erth      8%         N/A       11%         2
 Stone Arrow              Conj/Erth      16%        3d8       26%         3
 Petrify                  Tmut/Erth      10%        N/A       56%         4


Dungeon Overview and Level Annotations

Branches:
Dungeon (2/15)

Altars:


Innate Abilities, Weirdness & Mutations

You cannot be hasted, slowed, berserked, paralysed or teleported.
You can dig through walls and to a lower floor.
You have a pair of large antennae on your head. (SInv)
Your four strong arms can wield two-handed weapons with a shield.


Message History

The orc hits you with a +0 hand axe.
You hit the orc.
The orc is heavily wounded.
The orc hits you with a +0 hand axe.
Casting: Sandblast (safe; 3% risk of failure)
Confirm with . or Enter, or press ? or * to list all spells.
Aiming: Sandblast (safe; 3% risk of failure)
Press: ? - help, Shift-Dir - straight line, f/p - orc
Aim: an orc, wielding a +0 hand axe and wearing a +0 chain mail (heavily wounded, 85% to hit)
The blast of sand hits the orc but does no damage.
The orc is heavily wounded.
The orc hits you with a +0 hand axe.
* * * LOW HITPOINT WARNING * * *
The orc barely misses you.
You enter the shallow water.
Moving in this stuff is going to be slow.
Casting: Sandblast (safe; 3% risk of failure)
Confirm with . or Enter, or press ? or * to list all spells.
Aiming: Sandblast (safe; 3% risk of failure)
Press: ? - help, Shift-Dir - straight line, f/p - orc
Aim: an orc, wielding a +0 hand axe and wearing a +0 chain mail (heavily wounded, 85% to hit)
The blast of sand hits the orc but does no damage.
The orc is heavily wounded.
Casting: Sandblast (safe; 3% risk of failure)
Confirm with . or Enter, or press ? or * to list all spells.
Aiming: Sandblast (safe; 3% risk of failure)
Press: ? - help, Shift-Dir - straight line, f/p - orc
Aim: an orc, wielding a +0 hand axe and wearing a +0 chain mail (moderately wounded, 85% to hit)
The blast of sand hits the orc.
The orc is severely wounded.
The orc barely misses you.
Casting: Sandblast (safe; 3% risk of failure)
Confirm with . or Enter, or press ? or * to list all spells.
Aiming: Sandblast (safe; 3% risk of failure)
Press: ? - help, Shift-Dir - straight line, f/p - orc
Aim: an orc, wielding a +0 hand axe and wearing a +0 chain mail (severely wounded, 85% to hit)
The blast of sand hits the orc but does no damage.
The orc is severely wounded.
The orc hits you with a +0 hand axe.
You die...

.................................
.#####...###..#########.#...#....
.# #.........# ##.#........
.######..###...#######..#........
.........#####..)......##........
PP..........#####.####...........
≈≈≈≈.............................
♣♣≈P.......##....#.......#.......
♣♣≈≈≈.........o@................
♣PP.P......######...............
♣≈≈P.......# #.......##......
♣♣≈P...)....# ##...............
PP≈≈..#.##..# #....#######.....
≈≈P..##.##..#####....# ##.....
PPP..##.###.....#.÷### ##......
....###.# #.###....# ##..#####
##### #.# #.# #._..# ##..##....


You could see an orc.

Vanquished Creatures
  An orc (D:2)
  4 ball pythons
  2 endoplasms (D:1)
  A giant cockroach (D:1)
  3 goblins (D:1)
  2 hobgoblins (D:1)
  A quokka (D:1)
  A kobold (D:1)
  3 rats (D:1)
18 creatures vanquished.

Notes
Turn   | Place    | Note
-------+----------+-------------------------------------------
     0 | D:1      | hatdisgam the Formicid Earth Elementalist began the quest
                  | for the Orb.
     0 | D:1      | Reached XP level 1. HP: 13/13 MP: 3/3
   187 | D:1      | Reached skill level 4 in Earth Magic
   187 | D:1      | Reached XP level 2. HP: 19/19 MP: 0/5
   566 | D:1      | Found a faded altar of an unknown god.
   842 | D:2      | Reached XP level 3. HP: 17/24 MP: 6/6
  1019 | D:1      | Slain by an orc

Illustrated notes

Levels and vault maps discovered:
D:1:      lemuel_arrival_rhombus, layout_rooms, basic_ecumenical_altar,
          grunt_decor_arrowhead, serial_bayou_pond_c,
          chequers_serial_rivers_small_b
D:2:      layout_rooms

Skill      XL: |  1 |
---------------+----+-----
Earth Magic    | 4 |  4.4
Dodging        | |  1.7
Stealth        | |  2.4
Shields        | |  0.8
Spellcasting   | |  2.5
Transmutations | |  1.1

Action                   || total
-------------------------++-------
Melee: Dagger            ||    33
 Cast: Sandblast         ||    25
Armor: Robe              ||     8
Dodge: Dodged            ||    26

Table legend: (Time is in decaauts)
 A = Elapsed time spent in this place.
 B = Non-inter-level travel time spent in this place.
 C = Inter-level travel time spent in this place.
 D = Time resting spent in this place.
 E = Time spent auto-exploring this place.
 F = Levels seen in this place.
 G = Mean time per level.
                   A        B        C        D        E       F      G
               +--------+--------+--------+--------+--------+-----+--------+
         Total |   1021 |   1012 |      9 |      0 |    821 |   2 |  510.5 |
       Dungeon |   1021 |   1012 |      9 |      0 |    821 |   2 |  510.5 |
               +--------+--------+--------+--------+--------+-----+--------+

Top non-repeatable levels by time:
     D:1: 887 daAuts
     D:2: 134 daAuts
